 Dungeon Crawl Stone Soup version 0.30.1-11-g7821555f0a (webtiles) character file.

Game seed: 11860190899501289548

585 bmack86 the Cleaver (level 7, 0/57 HPs)
             Began as a Minotaur Fighter on Nov 7, 2023.
             Slain by a lemure (2 damage)
             ... led by Pikel
             ... on level 5 of the Dungeon.
             The game lasted 00:07:14 (3120 turns).

bmack86 the Cleaver (Minotaur Fighter)              Turns: 3120, Time: 00:07:15

Health: 0/57       AC:  6    Str: 23    XL:     7   Next: 15%
Magic:  6/6        EV:  9    Int:  5    God:
Gold:   156        SH:  5    Dex: 15    Spells: 6/6 levels left

rFire   . . .        a - +0 war axe
rCold   . . .        c - +0 buckler
rNeg    . . .        b - +0 scale mail
rPois   .            (helmet restricted)
rElec   .            (no cloak)
rCorr   .            (no gloves)
SInv    .            (no boots)
Will    .....        (no amulet) Stlth
                     k - +6 ring of dexterity
HPRegen 0.29/turn    (no ring)
MPRegen 0.10/turn

%: no passive effects
@: no status effects
A: horns 2, retaliatory headbutt
a: no special abilities


You were on level 5 of the Dungeon.
You visited 1 branch of the dungeon, and saw 5 of its levels.

You collected 156 gold pieces.

Inventory:

Hand Weapons
 a - a +0 war axe (weapon)
Armour
 b - a +0 scale mail (worn)
 c - a +0 buckler (worn)
Jewellery
 k - a +6 ring of dexterity (left hand)
 q - a ring of ice
 s - an amulet of magic regeneration
Wands
 h - a wand of mindburst (18)
 o - a wand of roots (20)
 r - a wand of flame (6) (quivered)
Scrolls
 e - a scroll of fog
 j - 4 scrolls of teleportation
 n - a scroll of torment {unknown}
 p - 2 scrolls of enchant armour {unknown}
Potions
 d - a potion of might
 f - 2 potions of heal wounds
 g - 2 potions of invisibility
 i - 2 potions of attraction
 l - 3 potions of curing {unknown}
 m - a potion of lignification {unknown}
 t - a potion of haste {unknown}


   Skills:
 - Level 3.6 Fighting
 + Level 8.9 Axes
 - Level 3.6 Armour
 - Level 5.0 Shields


You had 6 spell levels left.
You didn't know any spells.
Your spell library contained the following spells:

 Spells                   Type           Power      Damage    Failure   Level
 Dazzling Flash           Conj/Hex       0%         N/A       99%         3
 Volatile Blastmotes      Fire/Tloc      0%         2d10      99%         3
 Iskenderun's Mystic Bla  Conj/Tloc      0%         2d3       100%        4
 Starburst                Conj/Fire      0%         6d3       100%        6


Dungeon Overview and Level Annotations

Branches:
Dungeon (5/15)
 Temple: D:4-7

Altars:
Ru

Annotations:
D:5 Pikel


Innate Abilities, Weirdness & Mutations

You have a pair of horns on your head.
You reflexively headbutt those who attack you in melee.


Message History

You block the lemure's attack.
You closely miss Pikel.
Pikel is severely wounded.
You hit the lemure but do no damage. You closely miss the lemure.
You miss the lemure. You barely miss the lemure.
Pikel hits you with a +0 whip of flaming.
* * * LOW HITPOINT WARNING * * *
Pikel burns you.
* * * LOW HITPOINT WARNING * * *
The lemure hits you but does no damage. The lemure barely misses you.
The lemure hits you.
* * * LOW HITPOINT WARNING * * *
The lemure hits you!
* * * LOW HITPOINT WARNING * * *
You barely miss Pikel.
Pikel is severely wounded.
You barely miss the lemure. You hit the lemure. You closely miss the lemure. x2
Pikel hits you with a +0 whip of flaming.
* * * LOW HITPOINT WARNING * * *
Pikel burns you.
* * * LOW HITPOINT WARNING * * *
The lemure closely misses you. You furiously retaliate!
You headbutt the lemure. The lemure barely misses you.
The lemure hits you but does no damage. You block the lemure's attack.
You barely miss Pikel.
Pikel is severely wounded.
You closely miss the lemure. You hit the lemure. You closely miss the lemure.
You hit the lemure.
You kill the lemure!
That felt strangely unrewarding.
The lemure hits you.
* * * LOW HITPOINT WARNING * * *
You block the lemure's attack.
Pikel says, "Time is money, and you're costing me too much!"
Pikel barely misses you. The lemure misses you.
You hit Pikel. You headbutt Pikel.
Pikel is almost dead.
You hit the lemure. You closely miss the lemure. You closely miss the scorpion.
You hit the lemure. You block the scorpion's attack.
The lemure closely misses you. The lemure hits you.
You die...

###### ##....# #####
####.....######.....
#<.##...##.>#....... .
#...#...#...#.......
#..##..#...#.(##.......
....###.....###Ks.....(
...............@55.....
.........8.....55......
...[...................
....###.....###........
...# +#...#+ ##.......
... #...# ####### ..
#...# #...# #...


You could see Pikel, 3 lemures, a scorpion and a shadow imp.

Vanquished Creatures
  Edmund (D:4)
  An ogre (D:4)
  A lemure (D:5)
  A scorpion (D:4)
  A jelly (D:5)
  A sleepcap (D:5)
  Ijyb (D:4)
  An iguana (D:4)
  Robin (D:4)
  6 gnolls
  4 adders
  A white imp (D:5)
  2 ufetubi (D:4)
  2 worms
  A dart slug (D:1)
  An orc (D:2)
  4 bats
  6 endoplasms
  3 giant cockroaches
  19 goblins
  14 hobgoblins
  3 jackals (D:1)
  5 quokkas
  4 ball pythons
  6 frilled lizards
  8 kobolds
  4 rats
102 creatures vanquished.

Notes
Turn   | Place    | Note
-------+----------+-------------------------------------------
     0 | D:1      | bmack86 the Minotaur Fighter began the quest for the Orb.
     0 | D:1      | Reached XP level 1. HP: 19/19 MP: 0/0
   174 | D:1      | Reached XP level 2. HP: 26/26 MP: 1/1
   251 | D:1      | Reached skill level 3 in Axes
   574 | D:2      | Reached XP level 3. HP: 31/31 MP: 2/2
   674 | D:2      | Found a faded altar of an unknown god.
   706 | D:2      | Reached skill level 5 in Shields
   716 | D:2      | Reached skill level 4 in Axes
   716 | D:2      | Reached XP level 4. HP: 19/39 MP: 3/3
  1293 | D:3      | Found a sacrificial altar of Ru.
  1396 | D:3      | Reached skill level 5 in Axes
  1914 | D:4      | Noticed Edmund
  1924 | D:4      | Noticed Ijyb
  1927 | D:4      | Killed Edmund
  1928 | D:4      | Reached skill level 6 in Axes
  1928 | D:4      | Reached XP level 5. HP: 28/45 MP: 4/4
  1934 | D:4      | Killed Ijyb
  1935 | D:4      | Reached XP level 6. HP: 21/51 MP: 5/5
  2187 | D:4      | Reached skill level 7 in Axes
  2419 | D:4      | Noticed Robin
  2427 | D:4      | Reached skill level 8 in Axes
  2439 | D:4      | Killed Robin
  2600 | D:4      | Identified the +6 whip of Contradiction {drain, rElec rPois
                  | Dex+3 Stlth+}
  3019 | D:5      | Entered Level 5 of the Dungeon
  3025 | D:5      | Reached XP level 7. HP: 51/57 MP: 6/6
  3107 | D:5      | Noticed Pikel
  3119 | D:5      | HP: 1/57 [lemure[Pikel] (2)]
  3120 | D:5      | Slain by a lemure

Illustrated notes

Levels and vault maps discovered:
D:1:      lightli_arrival_windingriver, layout_rooms
D:2:      layout_basic, shapermc_ecumenical_altar_mp_urbaneastern,
          minmay_crystal_room, lexackson_kobold_supper
D:3:      layout_basic, nicolae_ru_awakened_eye
D:4:      layout_gridville, uniq_ijyb, uniq_robin, uniq_edmund
D:5:      layout_basic, nicolae_gozag_seed_capital,
          hangedman_decor_clover_reticule, grunt_ministairs_6,
          minmay_misc_feat_five, uniq_pikel, uniq_prince_ribbit1

Skill      XL: |  1  2  3  4  5  6 |
---------------+-------------------+-----
Shields        | 4 5 |  5.0
Axes           | 3 4 6 8 |  8.9
Fighting       | |  3.6
Armour         | |  3.6

Action                     |  1- 3 |  4- 6 |  7- 9 || total
---------------------------+-------+-------+-------++-------
  Melee: War axe           |    72 |   112 |    16 ||   200
         Headbutt          |    11 |    18 |     6 ||    35
  Evoke: Wand              |       |     7 |       ||     7
    Use: Scroll            |       |    10 |       ||    10
 Armour: Scale mail        |    34 |    45 |     9 ||    88
  Dodge: Dodged            |    38 |    53 |    20 ||   111
  Block: Buckler           |    21 |    25 |    12 ||    58
